 Dungeon Crawl Stone Soup version 0.20-a0-842-g939b552 (webtiles) character file.

396 Musica the Magician (level 6, -1/32 HPs)
             Began as a Deep Elf Fire Elementalist on Mar 9, 2017.
             Slain by an orc
             ... wielding a +2 hand axe of electrocution
              (9 damage)
             ... on level 6 of the Dungeon.
             The game lasted 00:19:02 (4693 turns).

Musica the Magician (Deep Elf Fire Elementalist)    Turns: 4693, Time: 00:19:05

Health: -1/32      AC:  4    Str:  5    XL:     6   Next: 52%
Magic:  7/15       EV: 13    Int: 22    God:
Gold:   179        SH:  0    Dex: 15    Spells: 0/15 levels left

rFire    . . .     SeeInvis .   h - +0 quarterstaff
rCold    . . .     Gourm    .   a - +0 robe
rNeg     . . .     Faith    .   (shield currently unavailable)
rPois    .         Spirit   .   (no helmet)
rElec    .         Reflect  .   m - +1 cloak
rCorr    .         Harm     .   (no gloves)
MR       .....                  (no boots)
Stlth    +++.......             (no amulet)
Regen    0.1/turn               (no ring)
MPRegen  0.2/turn               (no ring)

@: lethally poisoned (-1 -> -3)
A: no striking features
a: no special abilities


You were on level 6 of the Dungeon.
You were not hungry.

You visited 1 branch of the dungeon, and saw 6 of its levels.

You collected 179 gold pieces.

Inventory:

Hand Weapons
 d - a +1 dagger
 h - a +0 quarterstaff (weapon)
Missiles
 k - 19 poisoned needles
 s - 6 tomahawks (quivered)
Armour
 a - a +0 robe (worn)
 e - a +0 buckler
 m - a +1 cloak (worn)
 u - the +7 chain mail of Robbiybb {rCorr Dex-4 Stlth+}
   (You found it on level 4 of the Dungeon)

   It affects your dexterity (-4).
   It protects you from acid and corrosion.
   It makes you more stealthy.
Magical Staves
 q - an uncursed staff of death
Jewellery
 l - an uncursed ring of positive energy
Scrolls
 i - 2 scrolls of remove curse
 j - 2 scrolls of enchant armour
 n - a scroll of identify
 p - 2 scrolls of teleportation
Potions
 r - a potion of curing
Books
 b - a book of Flames

   Spells                             Type                      Level
   a - Flame Tongue                   Conjuration/Fire             1
   b - Throw Flame                    Conjuration/Fire             2
   c - Conjure Flame                  Conjuration/Fire             3
   d - Inner Flame                    Hexes/Fire                   3
   e - Sticky Flame                   Conjuration/Fire             4
   f - Fireball                       Conjuration/Fire             5
Comestibles
 c - 3 bread rations
 f - 3 royal jellies


   Skills:
 - Level 2.4 Dodging
 - Level 3.7 Stealth
 + Level 5.3 Spellcasting
 * Level 4.8 Conjurations
 + Level 4.8 Fire Magic


You couldn't memorise any spells.
You knew the following spells:

 Your Spells              Type           Power        Failure   Level  Hunger
a - Flame Tongue          Conj/Fire      ####.        1%          1    None
b - Throw Flame           Conj/Fire      ####..       1%          2    None
c - Conjure Flame         Conj/Fire      ####....     4%          3    ##.....
d - Sticky Flame          Conj/Fire      ####....     14%         4    ####...
e - Fireball              Conj/Fire      ####......   38%         5    #####..


Dungeon Overview and Level Annotations

Branches:
Dungeon (6/15)
 Temple: D:4-7

Altars:
Ru

Annotations:
D:5 Blork the orc, Sigmund


Message History

You feel sick.
Casting: Flame Tongue
Confirm with . or Enter, or press ? or * to list all spells.
Aiming: Flame Tongue
Press: ? - help, Shift-Dir - straight line, f - orc
Aim: an orc, wielding a hand axe of electrocution and wearing a scale mail The flame tongue misses the orc.
The orc closely misses you.
A hound comes into view.
Casting: Flame Tongue
Confirm with . or Enter, or press ? or * to list all spells.
Aiming: Flame Tongue
Press: ? - help, Shift-Dir - straight line, f/p - orc
Aim: an orc, wielding a hand axe of electrocution and wearing a scale mail The flame tongue hits the orc.
The orc is moderately wounded.
The hound barks!
You hear an angry hiss.
The orc hits you with a hand axe of electrocution!
* * * LOW HITPOINT WARNING * * *
You are electrocuted!
You die...

#.#.. #.#.##
#....#
#.#....#
#.#....#
#.#....#
#.#....#
#.#o#.##
#.#@# #
###.#.#.#####
#....<...$...
#####h.......
....(....
###.......
.......
.......
......(


You could see a hound and an orc.

Vanquished Creatures
  A scorpion (D:4)
  An orc priest (D:3)
  2 hounds (D:4)
  An iguana (D:4)
  A worker ant (D:6)
  9 adders
  4 oozes
  3 worms
  2 dart slugs
  2 leopard geckos
  13 orcs
  9 bats
  7 giant cockroaches
  5 goblins
  4 hobgoblins
  5 jackals
  9 kobolds
  2 quokkas
  A ball python (D:3)
  2 frilled lizards
  7 rats
90 creatures vanquished.

Notes
Turn   | Place    | Note
-------+----------+-------------------------------------------
     0 | D:1      | Musica the Deep Elf Fire Elementalist began the quest for the Orb.
     0 | D:1      | Reached XP level 1. HP: 10/10 MP: 6/6
   180 | D:1      | Reached XP level 2. HP: 15/15 MP: 8/8
   657 | D:1      | Reached XP level 3. HP: 19/19 MP: 7/10
   674 | D:1      | Learned a level 2 spell: Throw Flame
   678 | D:1      | Learned a level 3 spell: Conjure Flame
  1807 | D:2      | Reached XP level 4. HP: 24/24 MP: 0/11
  1813 | D:2      | Learned a level 4 spell: Sticky Flame
  1866 | D:2      | Reached skill level 4 in Spellcasting
  2954 | D:3      | Reached XP level 5. HP: 28/28 MP: 6/13
  3565 | D:5      | Entered Level 5 of the Dungeon
  3767 | D:4      | Got a warped chain mail
  3861 | D:4      | Reached skill level 5 in Spellcasting
  3861 | D:4      | Reached XP level 6. HP: 10/32 MP: 4/15
  3896 | D:4      | Learned a level 5 spell: Fireball
  3992 | D:4      | Identified the +7 chain mail of Robbiybb {rCorr Dex-4 Stlth+} (You found it on level 4 of the Dungeon)
  4003 | D:5      | Noticed Blork the orc
  4095 | D:4      | Found a sacrificial altar of Ru.
  4422 | D:5      | Noticed Sigmund
  4693 | D:6      | Slain by an orc

Vault maps used:
D:1:      lemuel_arrival_cross, minivault_5, minmay_pentomino_q2
D:2:      first_bread, solitary_fountain
D:3:      kennysheep_potato
D:4:      cheibrodos_helix_gallery, nicolae_ru_the_path_less_chosen,
          minmay_misc_feat_more_columns, hangedman_decor_opposing
D:5:      kennysheep_mini, bh_walls_and_bars, uniq_sigmund, uniq_blork_the_orc
D:6:      minmay_temple_entry_grid, serial_shops, shop, shop,
          nicolae_shop_waterfront, kennysheep_mini_moat, shop,
          uniq_crazy_yiuf_cottage, uniq_duvessa

Skill      XL: |  1  2  3  4  5 |
---------------+----------------+-----
Conjurations   | 2 3 4 |  4.8
Stealth        | 3 |  3.7
Fire Magic     | 4 |  4.8
Spellcasting   | 4 5 |  5.3
Dodging        | |  2.4

Action                   |  1- 3 |  4- 6 || total
-------------------------+-------+-------++-------
Melee: Dagger            |    19 |    20 ||    39
       Quarterstaff      |       |    26 ||    26
Throw: Tomahawk          |       |     2 ||     2
 Cast: Flame Tongue      |    48 |   124 ||   172
       Conjure Flame     |     1 |     5 ||     6
       Throw Flame       |       |     8 ||     8
       Sticky Flame      |       |     3 ||     3
  Use: Scroll            |       |    10 ||    10
       Potion            |       |     7 ||     7
 Stab: Sleeping          |     6 |     8 ||    14
  Eat: Chunk             |     2 |     9 ||    11
       Meat ration       |       |     1 ||     1
Armor: Robe              |    11 |    17 ||    28
Dodge: Dodged            |    22 |    56 ||    78
